 Dungeon Crawl Stone Soup version 0.27.1-1-g398f81649c (webtiles) character file.

Game seed: 2334359316624870913

92 szrap the Gusty (level 4, 0/25 HPs)
             Began as a Deep Elf Air Elementalist on Sept 14, 2021.
             Slain by an orc (4 damage)
             ... on level 3 of the Dungeon on Sept 15, 2021.
             The game lasted 00:07:21 (3197 turns).

szrap the Gusty (Deep Elf Air Elementalist)         Turns: 3197, Time: 00:07:22

Health: 0/25       AC:  2    Str:  5    XL:     4   Next: 35%
Magic:  4/12       EV: 13    Int: 21    God:
Gold:   133        SH:  0    Dex: 15    Spells: 5/11 levels left

rFire    . . .     SeeInvis .   f - +0 dagger
rCold    . . .     Faith    .   (no shield)
rNeg     . . .     Spirit   .   a - +0 robe
rPois    +         Reflect  .   (no helmet)
rElec    .         Harm     .   (no cloak)
rCorr    .         Rampage  .   (no gloves)
Will     .....                  (no boots)
Stlth    ++........             e - amulet of the acrobat
HPRegen  0.08/turn              d - ring of poison resistance
MPRegen  0.13/turn              (no ring)

@: no status effects
A: no striking features
a: no special abilities


You were on level 3 of the Dungeon.
You visited 1 branch of the dungeon, and saw 3 of its levels.

You collected 133 gold pieces.

Inventory:

Hand Weapons
 f - a +0 dagger (weapon)
Armour
 a - a +0 robe (worn)
Jewellery
 d - a ring of poison resistance (left hand)
 e - an amulet of the acrobat (around neck)
Scrolls
 b - a scroll of immolation
 i - 2 scrolls of identify
 k - 2 scrolls of teleportation {unknown}
Potions
 c - a potion of ambrosia {unknown}
 g - 2 potions of cancellation
 h - a potion of degeneration {unknown}
 j - a potion of heal wounds {unknown}


   Skills:
 * Level 1.3 Fighting
 * Level 2.9 Dodging
 - Level 2.4 Stealth
 + Level 4.0 Spellcasting
 - Level 1.1 Conjurations
 + Level 4.0 Air Magic


You had 5 spell levels left.
You knew the following spells:

 Your Spells              Type           Power      Damage    Failure   Level
a - Shock                 Conj/Air       60%        1d6       4%          1
b - Static Discharge      Conj/Air       15%        N/A       6%          2
c - Swiftness             Air            21%        N/A       7%          3

Your spell library contained the following spells:

 Spells                   Type           Power      Damage    Failure   Level
 Airstrike                Air            10%        N/A       22%         4


Dungeon Overview and Level Annotations

Branches:
Dungeon (3/15)

Altars:
Nemelex Xobeh

Annotations:
D:3 Ijyb


Message History

Ijyb is lightly wounded.
The giant cockroach misses you.
Ijyb screams, "Die!"
Casting: Shock (safe; 4% risk of failure)
Confirm with . or Enter, or press ? or * to list all spells.
Aiming: Shock (safe; 4% risk of failure)
Press: ? - help, Shift-Dir - straight line, f - giant cockroach
Aim: a giant cockroach (severely wounded, 71% to hit)
The zap misses the giant cockroach.
The zap hits Ijyb.
Ijyb is lightly wounded.
The giant cockroach closely misses you.
An orc comes into view. It is wielding a +0 hand axe.
The giant cockroach barely misses you.
Casting: Shock (safe; 4% risk of failure)
Confirm with . or Enter, or press ? or * to list all spells.
Aiming: Shock (safe; 4% risk of failure)
Press: ? - help, Shift-Dir - straight line, f/p - giant cockroach
Aim: a giant cockroach (severely wounded, 71% to hit)
The zap hits the giant cockroach.
You kill the giant cockroach!
The zap misses Ijyb.
Ijyb screams, "It's all mine!"
Your Spellcasting skill increases to level 4!
Casting: Shock (safe; 4% risk of failure)
Confirm with . or Enter, or press ? or * to list all spells.
Ijyb is struck by an arc of lightning.
Ijyb is moderately wounded.
You are struck by an arc of lightning.
* * * LOW HITPOINT WARNING * * *
The lightning grounds out.
An orc comes into view. It is wielding a +0 falchion.
Ijyb misses you.
Casting: Static Discharge (safe; 6% risk of failure)
Confirm with . or Enter, or press ? or * to list all spells.
Ijyb is struck by an arc of lightning.
Ijyb is heavily wounded.
The lightning grounds out.
The orc shouts!
You hear a shout!
Ijyb completely misses you. The orc hits you with a +0 hand axe.
You die...

#. #.##
#.[. #..#
#.g####.#
#.B..B$g#
# #.#
#.#####.##
#.oo@g...#
#######..#
#..# #..#
#.# #..#
#.#
#####..#
#.#
#......#
#.#
#.####.#
#.# #.#
#.# #.#


You could see Ijyb and 2 orcs.

Vanquished Creatures
  3 adders (D:2)
  3 worms
  A dart slug (D:3)
  9 ball pythons
  4 endoplasms
  5 giant cockroaches
  3 goblins (D:2)
  7 hobgoblins
  A quokka (D:2)
  3 bats
  2 frilled lizards
  2 kobolds
  8 rats
51 creatures vanquished.

Notes
Turn   | Place    | Note
-------+----------+-------------------------------------------
     0 | D:1      | szrap the Deep Elf Air Elementalist began the quest for the
                  | Orb.
     0 | D:1      | Reached XP level 1. HP: 10/10 MP: 6/6
   487 | D:1      | Reached XP level 2. HP: 16/16 MP: 5/8
   588 | D:1      | Learned a level 2 spell: Static Discharge
   668 | D:1      | Found a faded altar of an unknown god.
  1393 | D:2      | Reached skill level 1 in Fighting
  1417 | D:2      | Reached XP level 3. HP: 20/20 MP: 6/9
  1447 | D:2      | Learned a level 3 spell: Swiftness
  2184 | D:2      | Reached XP level 4. HP: 20/25 MP: 4/11
  2677 | D:3      | Noticed Ijyb
  2809 | D:3      | Found a sparkling altar of Nemelex Xobeh.
  3197 | D:3      | Slain by an orc

Illustrated notes

Levels and vault maps discovered:
D:1:      erik_arrival_orb_chamber, layout_loops_corners,
          dreamdust_ecumenical_altar_angels_and_demons, minmay_pentomino_z2
D:2:      layout_loops_ring, hangedman_decor_opposing, grunt_ministairs_8
D:3:      layout_loops_ring, zin_academy, lemuel_crystal_altar,
          nicolae_overflow_hidden_temple, uniq_jessica, uniq_ijyb

Skill      XL: |  1  2  3  4 |
---------------+-------------+-----
Fighting       | 1 |  1.3
Air Magic      | 4 |  4.0
Spellcasting   | 4 |  4.0
Dodging        | |  2.9
Stealth        | |  2.4
Conjurations   | |  1.1

Action                   |  1- 3 |  4- 6 || total
-------------------------+-------+-------++-------
Melee: Unarmed           |     1 |       ||     1
 Cast: Shock             |    78 |    33 ||   111
       Static Discharge  |     8 |     2 ||    10
  Use: Scroll            |     2 |     1 ||     3
Armor: Robe              |     4 |     2 ||     6
Dodge: Dodged            |    12 |     7 ||    19
